[ AOE2 MATCH · #487442806 ]
UnrankedItalians vs Vietnamese
[ REPLAY ANALYSIS · EXTRACTED FROM THE RECORDED GAME ]
Feudal
13:39
Castle
19:13
Imperial
37:52
| APM avg | 31.5 |
| APM peak | 89 |
| eAPM avg | 19.1 |
| Villagers / military | 143 / 138 |
Focus
⚔️ 44.6% · 🌾 55.4%
Archer ×79 · Unknown (882) ×70 · Hand Cannoneer ×29 · Spearman ×19 · Trebuchet (Packed) ×7 · Genoese Crossbowman ×3
Feudal
14:56
Castle
19:51
Imperial
43:24
| APM avg | 21.0 |
| APM peak | 42 |
| eAPM avg | 14.8 |
| Villagers / military | 103 / 230 |
Focus
⚔️ 44.8% · 🌾 55.2%
Spearman ×103 · Skirmisher ×85 · Scout Cavalry ×33 · Trebuchet (Packed) ×6 · Knight ×3
Feudal
14:09
Castle
18:31
Imperial
43:21
| APM avg | 24.1 |
| APM peak | 80 |
| eAPM avg | 14.9 |
| Villagers / military | 140 / 234 |
Focus
⚔️ 25.0% · 🌾 75.0%
Knight ×223 · Scout Cavalry ×7 · Mangonel ×3 · Battering Ram ×1
Feudal
14:29
Castle
20:22
Imperial
—
| APM avg | 28.1 |
| APM peak | 48 |
| eAPM avg | 16.1 |
| Villagers / military | 136 / 113 |
Focus
⚔️ 31.9% · 🌾 68.1%
Chu Ko Nu ×41 · Archer ×23 · Fire Lancer ×21 · Spearman ×13 · Skirmisher ×7 · Iron Pagoda ×5
Match map
Initial resources + every placement click. Lines = walls · curves = elevation contours. ◆ gold · ⬟ stone · ● berries · ✦ relic · ◌ wall gap
Your base· Open — unwalled flank
nazcas777's base· Open — 6t gap
Plinth's base· Open — unwalled flank
bohsainn's base· Open — unwalled flank
Smoothed initial terrain · ◌ = detected wall gap · hover for details
Inputs per minute
— QNA_Wadd - - nazcas777
Build order — QNA_Wadd
First 150 of 535 actions detected
| 0:21 | Build | Town Center |
| 1:58 | Build | House |
| 2:16 | Create | Villager (Male) |
| 2:16 | Create | Villager (Male) |
| 2:16 | Create | Villager (Male) |
| 2:50 | Create | Villager (Male) |
| 2:50 | Create | Villager (Male) |
| 3:12 | Create | Villager (Male) |
| 3:45 | Create | Villager (Male) |
| 3:45 | Create | Villager (Male) |
| 3:58 | Build | House |
| 4:23 | Create | Villager (Male) |
| 4:36 | Create | Villager (Male) |
| 4:36 | Create | Villager (Male) |
| 5:23 | Research | Loom |
| 5:31 | Build | Lumber Camp |
| 6:00 | Build | House |
| 6:04 | Create | Villager (Male) |
| 6:04 | Create | Villager (Male) |
| 6:06 | Create | Villager (Male) |
| 6:12 | Create | Villager (Male) |
| 6:12 | Create | Villager (Male) |
| 6:27 | Create | Villager (Male) |
| 6:28 | Create | Villager (Male) |
| 7:50 | Create | Villager (Male) |
| 8:35 | Create | Villager (Male) |
| 8:36 | Create | Villager (Male) |
| 8:44 | Build | House |
| 9:17 | Create | Villager (Male) |
| 9:41 | Build | Mill |
| 9:57 | Create | Villager (Male) |
| 10:08 | Create | Villager (Male) |
| 10:17 | Create | Villager (Male) |
| 10:49 | Research | Feudal Age |
| 10:58 | Build | Mill |
| 12:31 | Build | Barracks |
| 12:38 | Build | Mining Camp |
| 12:44 | Build | House |
| 12:45 | Build | Palisade Wall |
| 12:46 | Build | Palisade Wall |
| 12:47 | Build | Palisade Wall |
| 12:48 | Build | Palisade Wall |
| 12:48 | Build | Palisade Wall |
| 12:54 | Build | House |
| 12:56 | Build | Palisade Wall |
| 12:56 | Build | Palisade Wall |
| 12:57 | Build | Palisade Wall |
| 12:58 | Build | Palisade Wall |
| 13:02 | Build | Palisade Wall |
| 13:21 | Create | Villager (Male) |
| 13:39 | Age | Feudal Age |
| 13:47 | Create | Villager (Male) |
| 14:17 | Build | Archery Range |
| 14:33 | Research | Double-Bit Axe |
| 14:51 | Build | Palisade Wall |
| 14:58 | Create | Villager (Male) |
| 15:10 | Create | Villager (Male) |
| 15:22 | Build | Blacksmith |
| 15:24 | Build | Palisade Wall |
| 16:23 | Build | Mining Camp |
| 16:33 | Research | Castle Age |
| 16:40 | Build | Archery Range |
| 17:09 | Research | Gold Mining |
| 17:14 | Research | Fletching |
| 17:56 | Research | Stone Mining |
| 18:07 | Build | House |
| 18:50 | Research | Wheelbarrow |
| 19:13 | Age | Castle Age |
| 19:18 | Build | Town Center |
| 19:21 | Create | Villager (Male) |
| 19:27 | Create | Villager (Male) |
| 20:06 | Research | Crossbowman (upgrade) |
| 20:06 | Create | Archer |
| 20:07 | Create | Archer |
| 20:12 | Create | Villager (Male) |
| 20:22 | Create | Villager (Male) |
| 20:54 | Research | Bodkin Arrow |
| 20:56 | Create | Archer |
| 20:57 | Create | Archer |
| 21:02 | Create | Villager (Male) |
| 21:08 | Create | Villager (Male) |
| 21:15 | Create | Villager (Male) |
| 21:16 | Create | Villager (Male) |
| 21:48 | Build | Mining Camp |
| 21:53 | Create | Villager (Male) |
| 21:53 | Create | Villager (Male) |
| 22:22 | Build | Castle |
| 22:32 | Create | Archer |
| 22:32 | Create | Archer |
| 22:32 | Create | Archer |
| 22:32 | Create | Archer |
| 22:46 | Create | Archer |
| 22:46 | Create | Archer |
| 23:00 | Create | Villager (Male) |
| 23:00 | Create | Villager (Male) |
| 23:02 | Create | Villager (Male) |
| 23:02 | Create | Villager (Male) |
| 23:05 | Build | House |
| 23:08 | Build | House |
| 23:10 | Create | Villager (Male) |
| 23:10 | Create | Villager (Male) |
| 23:38 | Create | Archer |
| 23:38 | Create | Archer |
| 23:38 | Create | Archer |
| 23:44 | Build | Mill |
| 23:49 | Create | Villager (Male) |
| 23:49 | Create | Villager (Male) |
| 24:01 | Create | Genoese Crossbowman |
| 24:16 | Create | Archer |
| 24:16 | Create | Archer |
| 24:32 | Create | Villager (Male) |
| 24:40 | Create | Villager (Male) |
| 24:41 | Create | Villager (Male) |
| 24:48 | Create | Villager (Male) |
| 24:50 | Create | Villager (Male) |
| 25:08 | Build | Market |
| 25:09 | Build | House |
| 25:11 | Build | House |
| 25:12 | Build | House |
| 25:18 | Create | Villager (Male) |
| 25:19 | Create | Villager (Male) |
| 25:30 | Create | Archer |
| 25:30 | Create | Archer |
| 25:40 | Create | Archer |
| 25:40 | Create | Archer |
| 26:01 | Research | Padded Archer Armor |
| 26:02 | Create | Villager (Male) |
| 26:03 | Create | Villager (Male) |
| 26:05 | Create | Archer |
| 26:05 | Create | Archer |
| 26:36 | Create | Archer |
| 26:36 | Create | Archer |
| 26:38 | Create | Genoese Crossbowman |
| 26:39 | Create | Genoese Crossbowman |
| 27:13 | Research | Thumb Ring |
| 27:14 | Create | Archer |
| 27:14 | Create | Archer |
| 27:15 | Create | Villager (Male) |
| 27:16 | Create | Villager (Male) |
| 27:16 | Create | Villager (Male) |
| 27:24 | Create | Archer |
| 27:24 | Create | Archer |
| 27:25 | Create | Archer |
| 28:02 | Create | Villager (Male) |
| 28:02 | Create | Villager (Male) |
| 28:03 | Create | Villager (Male) |
| 28:45 | Create | Villager (Male) |
| 28:45 | Create | Villager (Male) |
| 28:45 | Create | Villager (Male) |
| 28:54 | Build | Town Center |
Build order — nazcas777
First 150 of 476 actions detected
| 0:15 | Build | Town Center |
| 1:49 | Build | House |
| 1:53 | Build | Mill |
| 2:40 | Create | Villager (Male) |
| 2:41 | Create | Villager (Male) |
| 2:41 | Create | Villager (Male) |
| 2:41 | Create | Villager (Male) |
| 3:47 | Research | Loom |
| 4:39 | Create | Villager (Male) |
| 5:22 | Create | Villager (Male) |
| 5:55 | Build | House |
| 5:57 | Create | Villager (Male) |
| 6:11 | Build | Lumber Camp |
| 6:21 | Create | Villager (Male) |
| 6:36 | Create | Villager (Male) |
| 7:04 | Create | Villager (Male) |
| 7:48 | Create | Villager (Male) |
| 7:52 | Build | House |
| 8:08 | Create | Villager (Male) |
| 8:35 | Create | Villager (Male) |
| 9:03 | Create | Villager (Male) |
| 9:14 | Build | House |
| 9:24 | Create | Villager (Male) |
| 9:36 | Build | Mill |
| 9:39 | Create | Villager (Male) |
| 10:05 | Create | Villager (Male) |
| 10:33 | Create | Villager (Male) |
| 10:33 | Create | Villager (Male) |
| 11:08 | Create | Villager (Male) |
| 11:58 | Build | House |
| 12:46 | Research | Feudal Age |
| 12:51 | Build | Barracks |
| 14:53 | Create | Villager (Male) |
| 14:54 | Create | Villager (Male) |
| 14:56 | Age | Feudal Age |
| 14:57 | Create | Spearman |
| 14:57 | Create | Spearman |
| 14:57 | Create | Spearman |
| 15:04 | Build | Market |
| 15:16 | Build | Market |
| 15:20 | Create | Villager (Male) |
| 15:28 | Build | Archery Range |
| 15:48 | Create | Spearman |
| 15:53 | Build | House |
| 16:14 | Build | Palisade Wall |
| 16:16 | Build | Palisade Gate |
| 16:20 | Build | Palisade Wall |
| 16:21 | Build | Palisade Gate |
| 16:30 | Build | Mining Camp |
| 16:38 | Build | House |
| 16:40 | Build | House |
| 16:47 | Create | Skirmisher |
| 16:50 | Create | Skirmisher |
| 17:11 | Research | Castle Age |
| 17:43 | Research | Double-Bit Axe |
| 18:22 | Build | Palisade Wall |
| 19:16 | Create | Skirmisher |
| 19:18 | Create | Villager (Male) |
| 19:18 | Create | Villager (Male) |
| 19:19 | Create | Villager (Male) |
| 19:29 | Build | Palisade Gate |
| 19:51 | Age | Castle Age |
| 20:01 | Build | Castle |
| 20:08 | Create | Villager (Male) |
| 20:08 | Create | Villager (Male) |
| 20:09 | Create | Villager (Male) |
| 20:16 | Create | Skirmisher |
| 20:45 | Create | Villager (Male) |
| 20:51 | Build | Palisade Wall |
| 20:52 | Build | Palisade Gate |
| 20:58 | Research | Pikeman (upgrade) |
| 21:00 | Create | Villager (Male) |
| 21:09 | Research | Horse Collar |
| 21:33 | Create | Skirmisher |
| 21:33 | Create | Skirmisher |
| 21:46 | Create | Villager (Male) |
| 21:56 | Create | Skirmisher |
| 21:57 | Create | Spearman |
| 21:58 | Create | Spearman |
| 22:20 | Create | Villager (Male) |
| 22:55 | Build | Blacksmith |
| 23:04 | Create | Villager (Male) |
| 23:07 | Create | Skirmisher |
| 23:08 | Create | Spearman |
| 23:08 | Create | Spearman |
| 23:09 | Create | Spearman |
| 23:13 | Build | House |
| 23:18 | Create | Villager (Male) |
| 23:45 | Create | Villager (Male) |
| 23:55 | Research | Forging |
| 24:09 | Research | Elite Skirmisher (upgrade) |
| 24:22 | Create | Villager (Male) |
| 24:28 | Create | Spearman |
| 24:28 | Create | Spearman |
| 24:29 | Create | Villager (Male) |
| 24:34 | Build | Farm |
| 24:51 | Build | University |
| 24:54 | Create | Villager (Male) |
| 24:57 | Create | Skirmisher |
| 24:59 | Create | Spearman |
| 25:30 | Build | Farm |
| 25:30 | Build | Farm |
| 25:30 | Build | Farm |
| 25:30 | Build | Farm |
| 25:31 | Build | Farm |
| 25:32 | Create | Villager (Male) |
| 25:32 | Create | Villager (Male) |
| 26:12 | Research | Ballistics |
| 26:38 | Research | Fletching |
| 27:01 | Create | Skirmisher |
| 27:02 | Create | Skirmisher |
| 27:26 | Create | Spearman |
| 27:27 | Create | Spearman |
| 27:27 | Create | Spearman |
| 27:28 | Create | Skirmisher |
| 27:29 | Create | Skirmisher |
| 27:34 | Build | Town Center |
| 27:39 | Build | House |
| 27:41 | Build | House |
| 28:06 | Create | Skirmisher |
| 28:07 | Create | Skirmisher |
| 28:27 | Create | Villager (Male) |
| 28:33 | Build | Town Center |
| 28:41 | Build | Lumber Camp |
| 29:22 | Create | Villager (Male) |
| 29:23 | Create | Villager (Male) |
| 29:44 | Create | Skirmisher |
| 29:44 | Create | Skirmisher |
| 29:49 | Build | Farm |
| 29:49 | Build | Farm |
| 29:50 | Build | Farm |
| 29:50 | Build | Farm |
| 29:50 | Build | Farm |
| 29:50 | Build | Farm |
| 30:11 | Build | Farm |
| 30:11 | Build | Farm |
| 30:11 | Build | Farm |
| 30:11 | Build | Farm |
| 30:12 | Build | Farm |
| 30:13 | Create | Villager (Male) |
| 30:30 | Create | Skirmisher |
| 30:42 | Build | Farm |
| 30:44 | Create | Villager (Male) |
| 30:55 | Create | Skirmisher |
| 30:56 | Create | Skirmisher |
| 31:19 | Create | Skirmisher |
| 31:19 | Create | Skirmisher |
| 31:30 | Build | Farm |
| 31:30 | Build | Farm |
| 31:33 | Build | Farm |
Build order — Plinth
First 150 of 404 actions detected
| 0:14 | Build | Mill |
| 0:18 | Build | House |
| 0:45 | Build | Town Center |
| 0:56 | Build | Town Center |
| 1:58 | Build | House |
| 2:59 | Create | Villager (Male) |
| 2:59 | Create | Villager (Male) |
| 3:00 | Create | Villager (Male) |
| 3:00 | Create | Villager (Male) |
| 3:00 | Create | Villager (Male) |
| 3:00 | Create | Villager (Male) |
| 3:50 | Build | House |
| 3:58 | Create | Villager (Male) |
| 4:07 | Build | House |
| 5:25 | Create | Villager (Male) |
| 5:26 | Create | Villager (Male) |
| 5:26 | Create | Villager (Male) |
| 5:26 | Create | Villager (Male) |
| 6:24 | Create | Villager (Male) |
| 6:25 | Create | Villager (Male) |
| 6:53 | Create | Villager (Male) |
| 6:54 | Create | Villager (Male) |
| 7:04 | Create | Villager (Male) |
| 7:04 | Create | Villager (Male) |
| 7:20 | Build | Lumber Camp |
| 7:29 | Build | House |
| 7:32 | Build | House |
| 7:49 | Research | Loom |
| 8:03 | Create | Villager (Male) |
| 8:04 | Create | Villager (Male) |
| 8:47 | Create | Villager (Male) |
| 9:42 | Create | Villager (Male) |
| 9:42 | Create | Villager (Male) |
| 9:44 | Create | Villager (Male) |
| 10:30 | Create | Villager (Male) |
| 10:30 | Create | Villager (Male) |
| 10:35 | Build | Barracks |
| 10:57 | Create | Villager (Male) |
| 10:57 | Create | Villager (Male) |
| 11:32 | Build | Mill |
| 11:47 | Research | Feudal Age |
| 14:09 | Age | Feudal Age |
| 14:16 | Create | Villager (Male) |
| 14:17 | Create | Villager (Male) |
| 14:17 | Create | Villager (Male) |
| 14:17 | Create | Villager (Male) |
| 14:17 | Create | Villager (Male) |
| 14:24 | Build | Stable |
| 14:33 | Build | Blacksmith |
| 14:45 | Build | House |
| 14:48 | Build | House |
| 14:54 | Research | Double-Bit Axe |
| 15:29 | Create | Scout Cavalry |
| 15:49 | Build | House |
| 15:53 | Build | House |
| 15:56 | Build | House |
| 15:58 | Build | House |
| 16:00 | Build | Palisade Wall |
| 16:06 | Research | Castle Age |
| 17:22 | Create | Villager (Male) |
| 17:23 | Create | Villager (Male) |
| 17:30 | Build | Farm |
| 17:31 | Build | Farm |
| 17:31 | Build | Farm |
| 17:31 | Build | Farm |
| 17:54 | Build | Lumber Camp |
| 18:00 | Create | Villager (Male) |
| 18:01 | Create | Villager (Male) |
| 18:05 | Create | Scout Cavalry |
| 18:31 | Age | Castle Age |
| 19:29 | Build | Town Center |
| 19:37 | Build | Town Center |
| 19:41 | Create | Villager (Male) |
| 19:41 | Create | Villager (Male) |
| 19:41 | Create | Villager (Male) |
| 19:41 | Create | Villager (Male) |
| 20:58 | Build | Town Center |
| 21:00 | Create | Villager (Male) |
| 21:00 | Create | Villager (Male) |
| 21:01 | Create | Villager (Male) |
| 21:01 | Create | Villager (Male) |
| 21:01 | Create | Villager (Male) |
| 21:10 | Build | Farm |
| 21:10 | Build | Farm |
| 21:11 | Build | Farm |
| 21:16 | Create | Villager (Male) |
| 21:16 | Create | Villager (Male) |
| 21:16 | Create | Villager (Male) |
| 21:24 | Build | Farm |
| 21:26 | Create | Villager (Male) |
| 21:26 | Create | Villager (Male) |
| 21:44 | Create | Knight |
| 21:44 | Create | Knight |
| 22:04 | Build | Siege Workshop |
| 22:21 | Build | Farm |
| 22:22 | Build | Farm |
| 22:22 | Build | Farm |
| 22:41 | Build | Mill |
| 23:04 | Create | Villager (Male) |
| 23:05 | Create | Villager (Male) |
| 23:05 | Create | Villager (Male) |
| 23:05 | Create | Villager (Male) |
| 23:21 | Research | Wheelbarrow |
| 23:26 | Build | Mill |
| 23:37 | Build | Mill |
| 23:40 | Create | Villager (Male) |
| 23:40 | Create | Villager (Male) |
| 23:40 | Create | Villager (Male) |
| 23:44 | Create | Villager (Male) |
| 23:44 | Create | Villager (Male) |
| 23:44 | Create | Villager (Male) |
| 24:11 | Build | Farm |
| 24:11 | Build | Farm |
| 24:11 | Build | Farm |
| 24:15 | Build | Farm |
| 24:27 | Create | Battering Ram |
| 24:37 | Research | Bloodlines |
| 24:45 | Build | Stable |
| 24:50 | Create | Villager (Male) |
| 24:50 | Create | Villager (Male) |
| 24:51 | Research | Hand Cart |
| 24:52 | Create | Villager (Male) |
| 24:52 | Create | Villager (Male) |
| 25:01 | Create | Villager (Male) |
| 25:01 | Create | Villager (Male) |
| 25:04 | Build | Farm |
| 25:04 | Build | Farm |
| 25:04 | Build | Farm |
| 25:08 | Build | Farm |
| 25:13 | Build | Farm |
| 25:13 | Build | Farm |
| 25:14 | Build | Farm |
| 25:14 | Build | Farm |
| 25:14 | Build | Farm |
| 25:14 | Build | Farm |
| 25:15 | Build | Farm |
| 25:15 | Build | Farm |
| 25:15 | Build | Farm |
| 25:15 | Build | Farm |
| 25:15 | Build | Farm |
| 25:16 | Build | Farm |
| 25:16 | Build | Farm |
| 25:16 | Build | Farm |
| 25:16 | Build | Farm |
| 25:17 | Build | Farm |
| 25:17 | Build | Farm |
| 25:17 | Build | Farm |
| 25:18 | Build | Farm |
| 25:18 | Build | Farm |
| 25:18 | Build | Farm |
Build order — bohsainn
First 150 of 359 actions detected
| 0:37 | Build | Town Center |
| 3:12 | Research | Loom |
| 3:44 | Create | Villager (Male) |
| 4:48 | Create | Villager (Male) |
| 4:48 | Create | Villager (Male) |
| 5:22 | Create | Villager (Male) |
| 5:22 | Create | Villager (Male) |
| 5:57 | Create | Villager (Male) |
| 6:57 | Build | House |
| 7:02 | Create | Villager (Male) |
| 7:02 | Create | Villager (Male) |
| 7:03 | Create | Villager (Male) |
| 7:03 | Create | Villager (Male) |
| 7:04 | Create | Villager (Male) |
| 7:19 | Create | Villager (Male) |
| 7:34 | Build | House |
| 8:29 | Create | Villager (Male) |
| 8:29 | Create | Villager (Male) |
| 8:36 | Build | Lumber Camp |
| 9:22 | Create | Villager (Male) |
| 9:22 | Create | Villager (Male) |
| 9:23 | Create | Villager (Male) |
| 10:52 | Build | Barracks |
| 11:32 | Build | Mill |
| 11:46 | Create | Villager (Male) |
| 11:47 | Create | Villager (Male) |
| 12:04 | Create | Militia |
| 12:08 | Build | House |
| 12:18 | Research | Feudal Age |
| 12:42 | Build | House |
| 14:29 | Age | Feudal Age |
| 14:45 | Create | Spearman |
| 14:45 | Create | Spearman |
| 14:45 | Create | Spearman |
| 14:51 | Build | Archery Range |
| 15:00 | Build | Blacksmith |
| 15:02 | Create | Villager (Male) |
| 15:03 | Create | Villager (Male) |
| 15:32 | Create | Villager (Male) |
| 15:32 | Create | Villager (Male) |
| 15:33 | Create | Villager (Male) |
| 17:17 | Create | Villager (Male) |
| 17:29 | Research | Castle Age |
| 18:08 | Build | House |
| 18:42 | Build | House |
| 18:57 | Build | House |
| 19:02 | Build | House |
| 19:04 | Build | House |
| 20:22 | Age | Castle Age |
| 20:23 | Create | Villager (Male) |
| 20:24 | Create | Villager (Male) |
| 20:24 | Create | Villager (Male) |
| 20:24 | Create | Villager (Male) |
| 20:55 | Build | Town Center |
| 21:03 | Create | Villager (Male) |
| 21:03 | Create | Villager (Male) |
| 21:08 | Research | Crossbowman (upgrade) |
| 21:08 | Research | Thumb Ring |
| 21:39 | Build | Town Center |
| 22:20 | Create | Archer |
| 22:20 | Create | Archer |
| 22:20 | Create | Archer |
| 22:24 | Create | Villager (Male) |
| 22:53 | Build | Town Center |
| 22:56 | Create | Villager (Male) |
| 23:27 | Create | Villager (Male) |
| 24:02 | Create | Villager (Male) |
| 24:23 | Create | Archer |
| 24:23 | Create | Archer |
| 24:23 | Create | Archer |
| 24:24 | Create | Archer |
| 24:37 | Research | Fletching |
| 25:29 | Build | University |
| 25:43 | Research | Wheelbarrow |
| 26:00 | Create | Villager (Male) |
| 26:05 | Research | Ballistics |
| 26:21 | Create | Villager (Male) |
| 26:22 | Create | Villager (Male) |
| 26:40 | Create | Archer |
| 26:41 | Create | Archer |
| 26:41 | Create | Archer |
| 26:41 | Create | Archer |
| 28:50 | Create | Archer |
| 28:50 | Create | Archer |
| 28:50 | Create | Archer |
| 28:52 | Create | Villager (Male) |
| 29:06 | Build | Blacksmith |
| 29:25 | Build | Castle |
| 30:12 | Research | Padded Archer Armor |
| 30:24 | Create | Archer |
| 30:24 | Create | Archer |
| 30:36 | Create | Chu Ko Nu |
| 30:36 | Create | Chu Ko Nu |
| 30:37 | Create | Chu Ko Nu |
| 30:37 | Create | Chu Ko Nu |
| 30:50 | Build | Farm |
| 30:51 | Build | Farm |
| 30:52 | Build | Farm |
| 30:53 | Build | Farm |
| 30:55 | Build | Farm |
| 30:56 | Build | Farm |
| 30:57 | Build | Farm |
| 31:16 | Create | Chu Ko Nu |
| 31:16 | Create | Chu Ko Nu |
| 31:16 | Create | Chu Ko Nu |
| 31:19 | Create | Archer |
| 31:19 | Create | Archer |
| 31:39 | Create | Villager (Male) |
| 31:40 | Create | Villager (Male) |
| 31:40 | Create | Villager (Male) |
| 32:46 | Build | Siege Workshop |
| 32:49 | Create | Villager (Male) |
| 32:50 | Create | Villager (Male) |
| 32:50 | Create | Villager (Male) |
| 32:50 | Create | Villager (Male) |
| 34:36 | Research | Murder Holes |
| 34:42 | Build | Farm |
| 34:45 | Build | Farm |
| 34:46 | Build | Farm |
| 34:55 | Create | Villager (Male) |
| 34:55 | Create | Villager (Male) |
| 34:56 | Create | Villager (Male) |
| 34:56 | Create | Villager (Male) |
| 35:03 | Build | Town Center |
| 35:10 | Create | Villager (Male) |
| 35:11 | Create | Villager (Male) |
| 35:17 | Build | Farm |
| 35:33 | Create | Iron Pagoda |
| 35:59 | Create | Villager (Male) |
| 35:59 | Create | Villager (Male) |
| 36:08 | Create | Iron Pagoda |
| 36:11 | Create | Chu Ko Nu |
| 36:12 | Create | Chu Ko Nu |
| 37:22 | Create | Scorpion |
| 37:22 | Create | Scorpion |
| 37:23 | Create | Villager (Male) |
| 37:24 | Create | Villager (Male) |
| 37:24 | Create | Villager (Male) |
| 37:25 | Create | Villager (Male) |
| 37:26 | Create | Villager (Male) |
| 37:26 | Create | Villager (Male) |
| 37:28 | Create | Villager (Male) |
| 37:29 | Create | Villager (Male) |
| 37:29 | Create | Villager (Male) |
| 37:31 | Create | Villager (Male) |
| 37:32 | Create | Villager (Male) |
| 37:42 | Create | Chu Ko Nu |
| 37:42 | Create | Chu Ko Nu |
| 37:42 | Create | Chu Ko Nu |
| 38:34 | Research | Bodkin Arrow |
Match timeline
| 10:35 | Plinth · first_building Barracks |
| 10:52 | bohsainn · first_building Barracks |
| 12:31 | QNA_Wadd · first_building Barracks |
| 12:45 | QNA_Wadd · wall_segment Palisade Wall x1 |
| 12:46 | QNA_Wadd · wall_segment Palisade Wall x1 |
| 12:47 | QNA_Wadd · wall_segment Palisade Wall x1 |
| 12:48 | QNA_Wadd · wall_segment Palisade Wall x1 |
| 12:48 | QNA_Wadd · wall_segment Palisade Wall x1 |
| 12:51 | nazcas777 · first_building Barracks |
| 12:56 | QNA_Wadd · wall_segment Palisade Wall x1 |
| 12:56 | QNA_Wadd · wall_segment Palisade Wall x1 |
| 12:57 | QNA_Wadd · wall_segment Palisade Wall x1 |
| 12:58 | QNA_Wadd · wall_segment Palisade Wall x1 |
| 13:02 | QNA_Wadd · wall_segment Palisade Wall x1 |
| 13:39 | QNA_Wadd · age_up feudal |
| 14:09 | Plinth · age_up feudal |
| 14:17 | QNA_Wadd · first_building Archery Range |
| 14:24 | Plinth · first_building Stable |
| 14:29 | bohsainn · age_up feudal |
| 14:51 | QNA_Wadd · wall_segment Palisade Wall x1 |
| 14:51 | bohsainn · first_building Archery Range |
| 14:56 | nazcas777 · age_up feudal |
| 15:24 | QNA_Wadd · wall_segment Palisade Wall x1 |
| 15:28 | nazcas777 · first_building Archery Range |
| 16:00 | Plinth · wall_segment Palisade Wall x1 |
| 16:14 | nazcas777 · wall_segment Palisade Wall x5 |
| 16:20 | nazcas777 · wall_segment Palisade Wall x4 |
| 18:22 | nazcas777 · wall_segment Palisade Wall x8 |
| 18:31 | Plinth · age_up castle |
| 19:13 | QNA_Wadd · age_up castle |
| 19:51 | nazcas777 · age_up castle |
| 20:01 | nazcas777 · first_building Castle |
| 20:22 | bohsainn · age_up castle |
| 20:51 | nazcas777 · wall_segment Palisade Wall x6 |
| 22:04 | Plinth · first_building Siege Workshop |
| 22:22 | QNA_Wadd · first_building Castle |
| 29:25 | bohsainn · first_building Castle |
| 30:05 | QNA_Wadd · first_market_buy 100 food |
| 32:00 | nazcas777 · first_building Stable |
| 32:46 | bohsainn · first_building Siege Workshop |
| 37:52 | QNA_Wadd · age_up imperial |
| 38:22 | QNA_Wadd · wall_segment Palisade Wall x1 |
| 38:28 | QNA_Wadd · wall_segment Palisade Wall x1 |
| 38:46 | Plinth · wall_segment Stone Wall x14 |
| 40:48 | QNA_Wadd · wall_segment Stone Wall x15 |
| 40:52 | QNA_Wadd · wall_segment Stone Wall x16 |
| 40:57 | QNA_Wadd · wall_segment Stone Wall x11 |
| 41:01 | QNA_Wadd · wall_segment Stone Wall x5 |
| 41:07 | QNA_Wadd · wall_segment Stone Wall x12 |
| 41:11 | QNA_Wadd · wall_segment Stone Wall x13 |
| 41:13 | QNA_Wadd · wall_segment Stone Wall x1 |
| 41:15 | QNA_Wadd · wall_segment Stone Wall x1 |
| 41:31 | QNA_Wadd · wall_segment Stone Wall x22 |
| 43:21 | Plinth · age_up imperial |
| 43:24 | nazcas777 · age_up imperial |
| 45:10 | QNA_Wadd · first_building Monastery |
| 46:37 | Plinth · wall_segment Stone Wall x31 |
| 46:48 | Plinth · wall_segment Stone Wall x24 |
| 48:13 | bohsainn · wall_segment Stone Wall x24 |
| 49:24 | QNA_Wadd · first_market_sell 100 wood |
| 56:27 | nazcas777 · resign |
[ AI ANALYSIS · 1 CREDIT ]
What really happened in this match?
Wolo.gg analyzes every decision: build order, eco, micro, common mistakes by bracket. Personalized analysis on WhatsApp or Discord in 30 seconds.
Civ guide
Italians
Perfil
Jugador #284192